 Dungeon Crawl Stone Soup version 0.17.0-26-gececa24 (webtiles) character file.

323 septik the Cudgeler (level 6, 0/37 HPs)
             Began as a Gargoyle Fighter on Nov 20, 2015.
             Slain by an orc wizard
             ... wielding a cursed -1 dagger
              (2 damage)
             ... on level 4 of the Dungeon.
             The game lasted 00:03:47 (2468 turns).

septik the Cudgeler (Gargoyle Fighter)              Turns: 2468, Time: 00:03:47

Health: 0/37       AC: 18    Str: 21    XL:     6   Next: 47%
Magic:  6/6        EV:  8    Int:  9    God:
Gold:   226        SH:  9    Dex: 11    Spells: 0 memorised, 5 levels left

rFire  + . .     SeeInvis .     a - +0 flail
rCold  . . .     Clarity  .     m - +2 ring mail {rF+}
rNeg   + . .     SustAt   .     c - +0 shield
rPois  ∞         Gourm    .     r - +2 helmet
rElec  +         Spirit   .     (no cloak)
rCorr  .         Warding  .     f - +0 pair of gloves
rMut   .         Stasis   .     t - +1 pair of boots
MR     .....                    (no amulet)
Stlth  +.........               (no ring)
                                B - +2 ring of dexterity

@: not resistant to hostile enchantments, very unstealthy
A: negative energy resistance 1, electricity resistance, unbreathing,
petrification resistance, rot immunity, AC +4
a: no special abilities


You were on level 4 of the Dungeon.
You were hungry.

You visited 1 branch of the dungeon, and saw 4 of its levels.

You collected 226 gold pieces.

Inventory:

Hand Weapons
 a - a +0 flail (weapon)
Missiles
 u - 65 stones (quivered)
Armour
 b - a +0 scale mail
 c - a +0 shield (worn)
 f - a +0 pair of gloves (worn)
 m - a +2 ring mail of fire resistance (worn)
 r - a +2 helmet (worn)
 t - a +1 pair of boots (worn)
 A - a +1 hat
Jewellery
 B - a +2 ring of dexterity (left hand)
 E - a cursed -2 ring of slaying {unknown}
Scrolls
 g - a scroll of fear {unknown}
 h - 5 scrolls of identify {unknown}
 i - 2 scrolls of amnesia {unknown}
 l - 3 scrolls of teleportation {unknown}
 n - a scroll of magic mapping {unknown}
 y - a scroll of enchant weapon {unknown}
 z - 2 scrolls of remove curse {unknown}
Potions
 d - 3 potions of might
 j - 2 potions of agility {unknown}
 k - a potion of resistance {unknown}
 s - 3 potions of haste {unknown}
 x - 2 potions of lignification {unknown}
 C - 2 potions of curing {unknown}
 D - a potion of poison {unknown}
 F - a potion of heal wounds {unknown}
Comestibles
 e - 3 bread rations
 o - 2 beef jerkies
 p - a chunk of flesh
 q - 2 slices of pizza
 v - 2 meat rations
 w - 4 fruits


   Skills:
 - Level 3.2 Fighting
 + Level 6.6 Maces & Flails
 - Level 3.2 Armour
 - Level 3.2 Shields


You had 5 spell levels left.
You didn't know any spells.

Dungeon Overview and Level Annotations

Branches:
Dungeon (4/15)
 Temple: D:4-7

Altars:
Ashenzari


Innate Abilities, Weirdness & Mutations

You are resistant to torment.
Your stone body is resilient (AC +4).
You are immune to poison.
You resist negative energy.
You are resistant to electric shocks.
You can survive without breathing.
You are immune to petrification.
You are immune to rotting.


Message History

A puff of flame appears from out of thin air!
The puff of flame hits you! The orc hits you but does no damage.
Unknown command.
You miss something. Something hits you but does no damage.
Something hits you but does no damage. The orc misses you.
Something hits you but does no damage.
Unknown command.
You miss something. Something hits you but does no damage.
The orc hits you but does no damage. Something hits you but does no damage.
You block the orc's attack. Something hits you but does no damage.
You hear some strange, mumbled words.
A puff of flame appears from out of thin air!
The puff of flame hits you! You resist.
* * * LOW HITPOINT WARNING * * *
You barely miss something. Something hits you.
* * * LOW HITPOINT WARNING * * *
The orc hits you with a flail.
* * * LOW HITPOINT WARNING * * *
Something hits you.
You die...

#.##.......###.##.#..
#.##...........##(...
#.##...÷...###.##....
#.##.......# #.##..#.
#.##.......# #.......
###.##########
#.....## #..>#..
..##.## #.#.#o###.#
... .# #...#{@{..# .#
# ##.##{#o.....#
#.##.#.#.##..
#.....<# #
####....... #.....##
#######


You could see 2 orcs.

Vanquished Creatures
  A phantom (D:4)
  A giant frog (D:3)
  An orc wizard (D:3)
  A worker ant (D:4)
  Robin (D:2)
  3 adders
  2 oozes
  3 worms
  8 orcs (D:3)
  2 giant cockroaches
  8 hobgoblins
  4 jackals (D:2)
  5 kobolds
  A ball python (D:2)
  4 bats
  4 giant geckos
  5 giant newts
  15 goblins
  3 rats
72 creatures vanquished.

Notes
Turn   | Place    | Note
--------------------------------------------------------------
     0 | D:1      | septik the Gargoyle Fighter began the quest for the Orb.
     0 | D:1      | Reached XP level 1. HP: 14/14 MP: 1/1
   234 | D:1      | Reached XP level 2. HP: 17/19 MP: 2/2
   794 | D:2      | Reached XP level 3. HP: 23/23 MP: 3/3
   869 | D:2      | Noticed Robin
   893 | D:2      | Killed Robin
   906 | D:2      | Reached skill level 4 in Maces & Flails
   966 | D:2      | Reached XP level 4. HP: 28/28 MP: 4/4
  1437 | D:3      | Found a shattered altar of Ashenzari.
  1531 | D:3      | Reached skill level 5 in Maces & Flails
  1537 | D:3      | Reached XP level 5. HP: 30/32 MP: 5/5
  1762 | D:3      | Noticed a giant frog
  1772 | D:3      | Killed a giant frog
  2361 | D:4      | Reached skill level 6 in Maces & Flails
  2386 | D:4      | Noticed a phantom
  2398 | D:4      | Killed a phantom
  2398 | D:4      | Reached XP level 6. HP: 35/37 MP: 6/6
  2468 | D:4      | Slain by an orc wizard

Action                   |  1- 3 |  4- 6 || total
-------------------------+-------+-------++-------
Melee: Flail             |   108 |   183 ||   291
  Eat: Chunk             |       |     5 ||     5
